 Dungeon Crawl Stone Soup version 0.32-a0-986-ga09f62fbf4 (webtiles) character file.

Game seed: 7293688106649073194

32967 protoss039 the Fighter (level 13, -12/111 HPs)
             Began as a Demonspawn Earth Elementalist on Apr 21, 2024.
             Was an Elder of Vehumet.
             Mangled by a skyshark (20 damage)
             ... on level 3 of the Lair of Beasts.
             The game lasted 00:37:28 (16149 turns).

protoss039 the Fighter (DsEE)                      Turns: 16149, Time: 00:37:29

Health: -12/111    AC: 11    Str: 11    XL:     13   Next: 34%
Magic:  8/26       EV: 11    Int: 26    God:    Vehumet [****..]
Gold:   344        SH:  5    Dex: 14    Spells: 14/30 levels left

rFire   . . .        C - +3 mace of Conscience {venom, Str+2 Int+6 Stlth+}
rCold   + . .        Q - +0 buckler
rNeg    . . .        T - +1 leather armour {Will+}
rPois   .            (helmet unavailable)
rElec   .            H - scarf {repulsion}
rCorr   .            u - +1 pair of gloves
SInv    +            O - +0 pair of boots
Will    +....        S - amulet of magic regeneration
Stlth   +++          R - ring of protection from cold
HPRegen 0.38/turn    M - ring of wizardry
MPRegen 0.60/turn

%: repel missiles, wizardry (x1)
@: no status effects
A: antennae 3, slimy green scales 2, ignite blood 2, powered by death 1
a: Renounce Religion


You were on level 3 of the Lair of Beasts.
You worshipped Vehumet.
Vehumet was greatly pleased with you.
You visited 3 branches of the dungeon, and saw 17 of its levels.

You collected 960 gold pieces.
You spent 616 gold pieces at shops.

Inventory:

Hand Weapons
 C - the +3 mace of Conscience (weapon) {venom, Str+2 Int+6 Stlth+}
   (You found it on level 6 of the Dungeon)

   Str+2:     It affects your strength (+2).
   Int+6:     It affects your intelligence (+6).
   Stlth+:    It makes you more stealthy.
 I - the +1 dagger of the Insatiable Suns {heavy, Fly Dex+3}
   (You found it on level 8 of the Dungeon)

   Dex+3:     It affects your dexterity (+3).
   Fly:       It grants you flight.
 J - a +5 scimitar of flaming
 Y - the +2 trident of the Hierophant {flame, +Blink rCorr Dex-3 Stlth-}
   (You bought it in a shop on level 10 of the Dungeon)

   Dex-3:     It affects your dexterity (-3).
   +Blink:    It lets you blink.
   rCorr:     It protects you from acid and corrosion.
   Stlth-:    It makes you less stealthy.
Armour
 j - +0 acid dragon scales
 p - a +3 leather armour of cold resistance
 u - a +1 pair of gloves (worn)
 H - a scarf of repulsion (worn)
 O - a +0 pair of boots (worn)
 Q - a +0 buckler (worn)
 T - a +1 leather armour of willpower (worn)
Jewellery
 q - a +6 ring of strength
 y - a ring of positive energy
 M - a ring of wizardry (right hand)
 N - a ring of ice
 P - a ring of protection from fire
 R - a ring of protection from cold (left hand)
 S - an amulet of magic regeneration (around neck)
 X - a ring of protection from fire
Wands
 e - a wand of polymorph (14)
 n - a wand of flame (46)
 o - a wand of mindburst (21)
 s - a wand of digging (8)
 G - a wand of light (5)
 U - a wand of paralysis (5)
 V - a wand of roots (10)
Scrolls
 d - a scroll of identify
 f - 2 scrolls of poison
 h - 4 scrolls of blinking
 i - 6 scrolls of revelation
 l - 4 scrolls of teleportation
 r - 4 scrolls of immolation
 t - a scroll of acquirement {unknown}
 A - 3 scrolls of enchant armour
 E - a scroll of fog {unknown}
 F - 3 scrolls of fear
 K - a scroll of amnesia {unknown}
 L - a scroll of silence {unknown}
Potions
 a - 3 potions of haste
 b - a potion of magic
 c - 4 potions of brilliance
 g - a potion of heal wounds
 k - a potion of mutation {unknown}
 m - 2 potions of might
 w - a potion of berserk rage {unknown}
 x - 2 potions of invisibility
 z - a potion of cancellation {unknown}
 D - 3 potions of curing


   Skills:
 * Level 13.1 Fighting
 - Level 6.0 Armour
 - Level 3.0 Dodging
 - Level 3.0 Stealth
 - Level 6.0 Shields
 + Level 9.4 Spellcasting
 - Level 6.0 Conjurations
 - Level 3.0 Air Magic
 + Level 9.5 Earth Magic
 - Level 3.0 Alchemy
 - Level 3.0 Evocations


You had 14 spell levels left.
You knew the following spells:

 Your Spells              Type           Power      Damage    Failure   Level
a - Sandblast             Erth           100%       2d20      1%          1
b - Passwall              Erth           58%        N/A       1%          3
c - Stone Arrow           Conj/Erth      100%       3d13      1%          3
d - Static Discharge      Conj/Air       70%        3-6/arc   1%          2
e - Olgreb's Toxic Radia  Alch           27%        N/A       2%          4
g - Mephitic Cloud        Conj/Alch/Air  33%        N/A       1%          3

Your spell library contained the following spells:

 Spells                   Type           Power      Damage    Failure   Level
 Airstrike                Air            13%        2d(2-18)  2%          4
 Kiss of Death            Conj/Necr      100%       2d13      1%          1
 Brom's Barrelling Bould  Conj/Erth      52%        2d7       1%          4
 Flame Wave               Conj/Fire      27%        2d9       2%          4
 Leda's Liquefaction      Alch/Erth      22%        N/A       2%          4
 Petrify                  Alch/Erth      45%        N/A       2%          4
 Inner Flame              Hex/Fire       12%        N/A       3%          3
 Animate Armour           Summ/Erth      74%        N/A       4%          4
 Sticky Flame             Fire/Alch      20%        2d6       4%          4
 Jinxbite                 Hex            24%        N/A       5%          2
 Confusing Touch          Hex            12%        N/A       11%         3
 Yara's Violent Unravell  Hex/Alch       10%        3d6       12%         5
 Dispel Undead            Necr           12%        3d9       32%         4
 Metabolic Englaciation   Hex/Ice        6%         N/A       65%         5
 Summon Forest            Summ/Tloc      6%         N/A       65%         5
 Summon Mana Viper        Hex/Summ       12%        N/A       65%         5
 Lehudib's Crystal Spear  Conj/Erth      26%        10d7      83%         8
 Seismic Cannonade        Alch/Erth      22%        6d9       89%         7
 Summon Cactus Giant      Summ           6%         N/A       99%         6
 Ozocubu's Refrigeration  Ice            6%         4d8       99%         7
 Enfeeble                 Hex            6%         N/A       100%        7
 Discord                  Hex            6%         N/A       100%        8


Dungeon Overview and Level Annotations

Branches:
Dungeon (13/15) Zot: 23479  Temple (1/1) D:7 Zot: 5973    Lair (3/5) D:11 Zot: 15562
    Orc (0/2) D:12         Vaults (0/5) D:13
  Swamp: Lair:2-3    Shoals: Lair:2-3     Snake: Lair:2-3    Spider: Lair:2-3

Altars:
Ashenzari
Cheibriados
Dithmenos
Fedhas
Gozag
Hepliaklqana
Kikubaaqudgha
Makhleb
Nemelex Xobeh
Okawaru
Qazlal
Ru
Sif Muna
Trog
Uskayaw
Vehumet
Wu Jian
Xom
Yredelemnul

Shops:
D:7 *   D:8 *   D:9 *   D:10 *

Annotations:
D:13 1 transporter, Ikkaivui's ghost, adept FoFi
Lair:2 3 runed translucent doors, Ulimokki's ghost, journeyman MDFE


Innate Abilities, Weirdness & Mutations

You have a pair of large antennae on your head. (SInv)
You are mostly covered in slimy green scales. (AC +3)
Your demonic aura often causes spilled blood to erupt in flames.
You regenerate a little health from kills.


Message History

Aiming: Stone Arrow (safe; 1% risk of failure)
Press: ? - help, Shift-Dir - straight line, f/p - skyshark
Aim: a skyshark (severely wounded, strong, 84% to hit)
The stone arrow hits the skyshark!
The skyshark is almost dead.
The skyshark bites you!
The skyshark enters a blood-rage!
The skyshark tail-slaps you.
The skyshark tail-slaps you but does no damage.
The skyshark completely misses you. You block the skyshark's attack.
The skyshark tail-slaps you!
Casting: Stone Arrow (safe; 1% risk of failure)
Confirm with . or Enter, or press ? or * to list all spells.
Aiming: Stone Arrow (safe; 1% risk of failure)
Press: ? - help, Shift-Dir - straight line, f/p - skyshark
Aim: a skyshark (almost dead, berserk, 84% to hit)
The stone arrow misses the skyshark.
The skyshark bites you. The skyshark tail-slaps you.
You block the skyshark's attack. The skyshark bites you!
The skyshark tail-slaps you.
The skyshark tail-slaps you but does no damage.
Casting: Stone Arrow (safe; 1% risk of failure)
Confirm with . or Enter, or press ? or * to list all spells.
Aiming: Stone Arrow (safe; 1% risk of failure)
Press: ? - help, Shift-Dir - straight line, f/p - skyshark
Aim: a skyshark (severely wounded, berserk, 84% to hit)
The stone arrow misses the skyshark.
The skyshark bites you!!
* * * LOW HITPOINT WARNING * * *
The skyshark tail-slaps you!
* * * LOW HITPOINT WARNING * * *
The skyshark tail-slaps you.
* * * LOW HITPOINT WARNING * * *
Casting: Stone Arrow (safe; 1% risk of failure)
Confirm with . or Enter, or press ? or * to list all spells.
Aiming: Stone Arrow (safe; 1% risk of failure)
Press: ? - help, Shift-Dir - straight line, f/p - skyshark
Aim: a skyshark (severely wounded, berserk, 84% to hit)
The stone arrow hits the skyshark!
The skyshark is almost dead.
The skyshark is engulfed in blazing flames.
The skyshark bites you!!
You die...

.. ..##........P# P..
..##........P#
##..#..##........##
..##..##.........# #
#................# ..
##...............##
#.#.##.......#........##
.......F...............#
......(@......†.......P#
.......†☼............P##
......................#
......................##
....................##.#
.........###.......#####
#..?....## #.......#
##......# ###...###
...#. ##..#


You could see a skyshark (berserk).

Vanquished Creatures
  Josephine (D:11)
  A hydra (D:13)
  8 two-headed ogres
  Erica (D:8)
  A catoblepas (Lair:3)
  A boulder beetle (D:12)
  A tengu warrior (D:12)
  Sonja (D:10)
  A deep elf knight (D:8)
  A swamp dragon (shapeshifter) (D:13)
  2 deep elf pyromancers
  2 ugly things
  3 cyclopes
  Maurice (D:10)
  A torpor snail (Lair:3)
  A black mamba (Lair:2)
  3 cane toads
  5 komodo dragons
  An unseen horror (D:12)
  Maggie (D:10)
  A rime drake (Lair:1)
  A kobold demonologist (D:8)
  A polar bear (Lair:3)
  A hornet (D:9)
  8 blink frogs
  A shadow (D:12)
  6 wraiths
  42 yaks
  4 wyverns
  3 basilisks
  7 steam dragons
  4 vampire mosquitoes
  4 acid dragons
  5 water moccasins
  3 orc warriors
  An ice beast (D:7)
  4 black bears
  5 centaurs
  2 phantoms
  2 kobold brigands (D:8)
  5 bullfrogs
  A gnoll sergeant (D:8)
  A scorpion (D:5)
  9 wights
  15 killer bees
  An electric eel (Lair:3)
  2 hounds
  2 jellies
  A gnoll bouda (D:5)
  6 orc priests
  Jessica (D:2)
  3 iguanas
  Terence (D:2)
  A sleepcap (D:6)
  Ijyb (D:4)
  Natasha (thrice) (D:2)
  4 orc wizards
  13 gnolls
  8 adders
  4 shadow imps
  4 white imps
  A dart slug (D:2)
  3 ribbon worms
  27 orcs
  3 ball pythons (D:1)
  2 bats
  5 endoplasms
  2 giant cockroaches (D:4)
  3 goblins
  4 hobgoblins
  21 kobolds
  3 quokkas
  5 frilled lizards
  9 rats
316 creatures vanquished.

Notes
Turn   | Place    | Note
-------+----------+-------------------------------------------
     0 | D:1      | protoss039 the Demonspawn Earth Elementalist began the
                  | quest for the Orb.
     0 | D:1      | Reached XP level 1. HP: 13/13 MP: 3/3
   168 | D:1      | Gained mutation: You regenerate a little health from kills.
                  | [demonic ancestry]
   168 | D:1      | Reached XP level 2. HP: 19/20 MP: 5/5
   325 | D:1      | Reached skill level 1 in Fighting
   545 | D:2      | Gained mutation: Your demonic aura sometimes causes spilled
                  | blood to erupt in flames. [demonic ancestry]
   545 | D:2      | Reached XP level 3. HP: 24/26 MP: 2/6
   699 | D:2      | Noticed Natasha
   704 | D:2      | Killed Natasha
   720 | D:2      | Noticed Natasha
   727 | D:2      | Killed Natasha
   728 | D:2      | Reached skill level 1 in Armour
   728 | D:2      | Gained mutation: You are partially covered in slimy green
                  | scales. (AC +2) [demonic ancestry]
   728 | D:2      | Reached XP level 4. HP: 25/33 MP: 3/7
   839 | D:2      | Noticed Natasha
   844 | D:2      | Killed Natasha
  1387 | D:2      | Noticed Jessica
  1388 | D:2      | Killed Jessica
  1389 | D:2      | Reached skill level 2 in Fighting
  1431 | D:3      | Reached XP level 5. HP: 21/38 MP: 3/9
  1542 | D:3      | Noticed a black bear
  1551 | D:3      | Killed a black bear
  1713 | D:3      | Learned a level 3 spell: Passwall
  1717 | D:3      | Learned a level 3 spell: Stone Arrow
  2225 | D:2      | Gained mutation: You have a pair of small antennae on your
                  | head. [demonic ancestry]
  2225 | D:2      | Reached XP level 6. HP: 41/46 MP: 8/10
  2278 | D:2      | Noticed Terence
  2289 | D:2      | Killed Terence
  2359 | D:2      | Identified the +7 dire flail of Jietu {heavy, Dex+3}
  2626 | D:4      | Found a hide-covered altar of Uskayaw.
  2762 | D:4      | Noticed Ijyb
  3215 | D:4      | Killed Ijyb
  3440 | D:4      | Reached skill level 3 in Fighting
  3805 | D:4      | Found a snail-covered altar of Cheibriados.
  3994 | D:5      | Entered Level 5 of the Dungeon
  3997 | D:5      | Reached XP level 7. HP: 52/52 MP: 9/12
  4071 | D:5      | Found an iron altar of Okawaru.
  5092 | D:5      | Reached XP level 8. HP: 60/60 MP: 7/14
  5341 | D:6      | Found a shimmering blue altar of Sif Muna.
  5656 | D:6      | Reached skill level 4 in Fighting
  5997 | D:6      | Identified the +3 mace of Conscience {venom, Str+2 Int+6
                  | Stlth+}
  6085 | D:6      | Reached skill level 5 in Armour
  6354 | D:7      | Found a sparkling altar of Nemelex Xobeh.
  6409 | D:7      | Found a staircase to the Ecumenical Temple.
  6431 | Temple   | Entered the Ecumenical Temple
  6444 | Temple   | Became a worshipper of Vehumet
  6469 | D:7      | Reached skill level 5 in Earth Magic
  6586 | D:7      | Found Emmiet's CLEARANCE SALE!.
  6622 | D:7      | Found an ancient bone altar of Kikubaaqudgha.
  7071 | D:8      | Found a transporter.
  7085 | D:8      | Noticed a deep elf knight
  7086 | D:8      | Noticed a kobold demonologist
  7098 | D:8      | Found a transporter.
  7113 | D:8      | Reached skill level 1 in Evocations
  7119 | D:8      | Gained mutation: You have a pair of antennae on your head.
                  | [demonic ancestry]
  7119 | D:8      | Reached XP level 9. HP: 67/67 MP: 0/16
  7204 | D:8      | Reached skill level 5 in Fighting
  7270 | D:8      | Identified the +1 dagger of the Insatiable Suns {heavy, Fly
                  | Dex+3}
  7298 | D:8      | Reached skill level 5 in Spellcasting
  7310 | D:8      | Noticed Erica
  7326 | D:8      | Killed Erica
  7654 | D:8      | Found an ornate altar of the Wu Jian Council.
  7852 | D:8      | Reached skill level 6 in Fighting
  7907 | D:8      | Noticed a two-headed ogre
  7913 | D:8      | Killed a two-headed ogre
  7913 | D:8      | Reached * piety under Vehumet
  7913 | D:8      | Offered knowledge of Foxfire by Vehumet.
  7986 | D:8      | Found Qamug's Assorted Antiques.
  7991 | D:8      | Bought a scroll of identify for 38 gold pieces
  7991 | D:8      | Bought a scroll labelled UMEMME MUBBU for 19 gold pieces
  7991 | D:8      | Bought a scroll labelled WEAJOR BAR ZEA for 19 gold pieces
  7991 | D:8      | Bought a marble ring for 95 gold pieces
  8255 | D:8      | Killed a kobold demonologist
  8450 | D:8      | Killed a deep elf knight
  8451 | D:8      | Reached skill level 7 in Fighting
  8451 | D:8      | Gained mutation: Your demonic aura often causes spilled
                  | blood to erupt in flames. [demonic ancestry]
  8451 | D:8      | Reached XP level 10. HP: 62/79 MP: 11/18
  8729 | D:9      | Noticed a two-headed ogre
  8746 | D:9      | Reached skill level 5 in Conjurations
  8748 | D:9      | Killed a two-headed ogre
  9027 | D:9      | Found Edghefemo's Fire Supplies.
  9131 | D:9      | Reached skill level 8 in Fighting
  9132 | D:9      | Reached skill level 1 in Shields
  9144 | D:9      | Noticed a two-headed ogre
  9149 | D:9      | Killed a two-headed ogre
  9587 | D:10     | Entered Level 10 of the Dungeon
  9636 | D:10     | Noticed a two-headed ogre
  9642 | D:10     | Killed a two-headed ogre
  9642 | D:10     | Offered knowledge of Static Discharge by Vehumet.
  9643 | D:10     | Gained mutation: You are mostly covered in slimy green
                  | scales. (AC +3) [demonic ancestry]
  9643 | D:10     | Reached XP level 11. HP: 87/87 MP: 14/21
  9646 | D:10     | Learned a level 2 spell: Static Discharge
  9709 | D:10     | Reached ** piety under Vehumet
  9758 | D:10     | Noticed a two-headed ogre
  9762 | D:10     | Killed a two-headed ogre
  9821 | D:10     | Noticed Maggie
  9827 | D:10     | Killed Maggie
  9828 | D:10     | Reached skill level 9 in Fighting
  9942 | D:10     | You fall into a shaft and drop 3 floors!
 10075 | D:12     | Found a staircase to the Orcish Mines.
 10075 | D:12     | Noticed a brown ugly thing
 10088 | D:12     | Killed a brown ugly thing
 10315 | D:11     | Noticed Josephine
 10326 | D:11     | Killed Josephine
 10467 | D:10     | Found a blossoming altar of Fedhas.
 10470 | D:10     | Reached skill level 5 in Shields
 10505 | D:10     | Found a bloodstained altar of Trog.
 10606 | D:10     | Noticed Sonja
 10609 | D:10     | Killed Sonja
 10641 | D:10     | Noticed a two-headed ogre
 10646 | D:10     | Killed a two-headed ogre
 10647 | D:10     | Reached skill level 10 in Fighting
 10866 | D:10     | Noticed Maurice
 10880 | D:10     | Killed Maurice
 10957 | D:10     | Found Bilocac's Assorted Antiques.
 10965 | D:10     | Bought a scroll labelled LEESMY CEUGH for 27 gold pieces
 10965 | D:10     | Bought a scroll labelled GISHACECAS for 27 gold pieces
 10965 | D:10     | Bought a scroll of identify for 54 gold pieces
 10965 | D:10     | Bought 2 scrolls of identify for 108 gold pieces
 10965 | D:10     | Bought a steaming trident for 229 gold pieces
 10965 | D:10     | Identified the +2 trident of the Hierophant {flame, +Blink
                  | rCorr Dex-3 Stlth-} (You bought it in a shop on level 10 of
                  | the Dungeon)
 11201 | D:11     | Noticed a two-headed ogre
 11207 | D:11     | Killed a two-headed ogre
 11210 | D:11     | Offered knowledge of Mephitic Cloud by Vehumet.
 11325 | D:11     | Reached XP level 12. HP: 98/98 MP: 15/23
 11440 | D:11     | Reached *** piety under Vehumet
 11690 | D:11     | Identified the +6 sling of Cenaof {freeze, rPois}
 11898 | D:11     | Reached skill level 11 in Fighting
 11904 | D:11     | Learned a level 3 spell: Mephitic Cloud
 11909 | D:11     | Learned a level 4 spell: Olgreb's Toxic Radiance
 11922 | D:11     | Found a staircase to the Lair.
 12343 | D:12     | Noticed a tengu warrior
 12350 | D:12     | HP: 4/100 [tengu warrior/bolt (22)]
 12355 | D:12     | Killed a tengu warrior
 12610 | D:12     | Reached skill level 1 in Alchemy
 12672 | D:12     | Noticed a two-headed ogre
 12674 | D:12     | Reached skill level 1 in Air Magic
 12679 | D:12     | Offered knowledge of Volatile Blastmotes by Vehumet.
 12684 | D:12     | Killed a two-headed ogre
 12760 | D:12     | Noticed a boulder beetle
 12776 | D:12     | Killed a boulder beetle
 13048 | D:12     | Found a sparkling altar of Nemelex Xobeh.
 13195 | D:13     | Noticed Ikkaivui's ghost (adept FoFi)
 13195 | D:13     | Found a transporter.
 13420 | D:13     | Noticed a five-headed hydra
 13425 | D:13     | Killed a five-headed hydra
 13483 | D:13     | Found a gate to the Vaults.
 13483 | D:13     | Noticed a centaur warrior
 13483 | D:13     | Noticed a vault guard
 13483 | D:13     | Noticed a vault guard
 13483 | D:13     | Noticed a vault guard
 13483 | D:13     | Noticed a vault guard
 13483 | D:13     | Noticed a centaur warrior
 13483 | D:13     | Noticed a centaur warrior
 13741 | Lair:1   | Entered Level 1 of the Lair of Beasts
 13941 | Lair:1   | Reached skill level 12 in Fighting
 14706 | Lair:2   | Reached **** piety under Vehumet
 14708 | Lair:2   | Found a runed translucent gate.
 14708 | Lair:2   | Found a runed translucent gate.
 14708 | Lair:2   | Found a runed translucent gate.
 14821 | Lair:2   | Gained mutation: You have a pair of large antennae on your
                  | head. (SInv) [demonic ancestry]
 14821 | Lair:2   | Reached XP level 13. HP: 106/109 MP: 15/25
 15772 | Lair:2   | Noticed Ulimokki's ghost (journeyman MDFE)
 15846 | Lair:3   | Offered knowledge of Airstrike by Vehumet.
 15896 | Lair:3   | Reached skill level 13 in Fighting
 16149 | Lair:3   | Mangled by a skyshark

Illustrated notes

Levels and vault maps discovered:
D:1:      spicycebolla_arrival_ecumenical, layout_rooms
D:2:      kennysheep_big_flooded_room, layout_basic, minmay_split_cup_small,
          uniq_natasha, uniq_jessica, uniq_terence
D:3:      layout_loops_ring
D:4:      layout_layer_cave, cheibrodos_worm_habitat,
          nicolae_overflow_crystal_walls, minmay_parallelograms, minmay_cupped,
          uniq_ijyb
D:5:      layout_rooms, mainiacjoe_overflow_alcove_1, serial_demonic,
          serial_demonic_b, serial_demonic_e, serial_demonic_b,
          serial_demonic_b, minivault_5, nicolae_figureground_pulse
D:6:      layout_basic, mainiacjoe_overflow_boulevard, grunt_decor_junction
D:7:      layout_loops_ring, kiku_gazebo_garden_becter,
          nicolae_tso_carved_into_rock, mainiacjoe_overflow_six_doors_small,
          minmay_temple_entry_wispy, hangedman_decor_lopped,
          nicolae_shop_clearance
D:8:      gammafunk_wand_slinger, layout_basic, old_standard_altar,
          serial_shops, shop_fountains, uniq_erica
D:9:      layout_small_grid, nicolae_shop_fire_sale [nicolae_sub_dead_trees],
          grunt_ministairs_13
D:10:     layout_basic, fedhas_bush_and_centaur_altar,
          nicolae_overflow_hidden_temple, serial_shops, shop, uniq_maggie,
          uniq_sonja, uniq_maurice
D:11:     layout_irregular_city, david_lair_shrubbed, serial_glass,
          glass_columns_b, glass_columns_a, uniq_josephine
D:12:     layout_gridville, david_orc_3, nemelex_lonely_heart_becter
D:13:     layout_small_grid, lightli_vaults_fourway_checkpoint, serial_library,
          serial_library_hellmonk_h_bend, serial_library_hellmonk_u_bend,
          serial_library_hellmonk_small_alcove,
          serial_library_hellmonk_small_alcove,
          serial_library_hellmonk_angled_corner,
          serial_library_hellmonk_metal_room, serial_library_hellmonk_room_a,
          serial_library_hellmonk_long_bookcase,
          serial_library_hellmonk_long_bookcase,
          gammafunk_ghost_berserking_beasts
Temple:   nicolae_temple_ecumenical_triangle
Lair:1:   layout_chaotic_city, grunt_megastairs_5, serial_bayou_shore_b,
          lemuel_fruit_tree
Lair:2:   layout_regular_city, ebering_ghost_rock_garden,
          bobbens_dragon_lair_wall, infiniplex_staircase_pool
Lair:3:   layout_gridlike, nicolae_swamp_entry_splash_gauntlet,
          nicolae_spider_entry_tight_spaces, grunt_megastairs_1,
          serial_bayou_shore_a

Skill      XL: |  1  2  3  4  5  6  7  8  9 10 11 12 13 |
---------------+----------------------------------------+-----
Fighting       | 1 2 3 4 7 8 10 12 13 | 13.1
Earth Magic    | 3 4 5 6 7 9 |  9.5
Dodging        | 2 3 |  3.0
Armour         | 1 2 3 5 6 |  6.0
Spellcasting   | 3 4 5 6 7 8 9 |  9.4
Stealth        | 2 3 |  3.0
Conjurations   | 2 3 4 5 6 |  6.0
Evocations     | 1 3 |  3.0
Shields        | 2 6 |  6.0
Alchemy        | 3 |  3.0
Air Magic      | 3 |  3.0

Action                     |  1- 3 |  4- 6 |  7- 9 | 10-12 | 13-15 || total
---------------------------+-------+-------+-------+-------+-------++-------
  Melee: Dire flail        |       |    35 |    33 |       |       ||    68
         Unarmed           |       |     7 |       |       |       ||     7
         Mace              |       |       |    12 |    20 |     9 ||    41
   Fire: Sling             |    51 |    44 |       |       |       ||    95
   Cast: Sandblast         |    18 |    52 |    42 |    70 |     2 ||   184
         Stone Arrow       |       |     3 |    64 |   200 |    40 ||   307
         Static Discharge  |       |       |       |    12 |       ||    12
         Passwall          |       |       |       |     2 |       ||     2
         Olgreb's Toxic Ra |       |       |       |     5 |    11 ||    16
         Mephitic Cloud    |       |       |       |     4 |       ||     4
  Evoke: Wand              |       |     9 |     5 |     8 |     2 ||    24
    Use: Scroll            |       |     2 |     3 |    10 |     3 ||    18
         Potion            |       |       |     1 |     4 |       ||     5
   Stab: Sleeping          |       |       |     1 |     1 |       ||     2
 Armour: Robe              |     2 |       |       |       |       ||     2
         Ring mail         |    18 |    58 |       |       |       ||    76
         Leather armour    |       |    13 |    65 |   157 |    61 ||   296
         Skin              |       |     6 |       |       |       ||     6
  Dodge: Dodged            |    13 |    54 |    57 |    83 |    18 ||   225
         Repelled          |       |       |     6 |    11 |     2 ||    19
  Block: Buckler           |       |       |       |    35 |    12 ||    47

Table legend: (Time is in decaauts)
 A = Elapsed time spent in this place.
 B = Non-inter-level travel time spent in this place.
 C = Inter-level travel time spent in this place.
 D = Time resting spent in this place.
 E = Time spent auto-exploring this place.
 F = Levels seen in this place.
 G = Mean time per level.
                   A        B        C        D        E       F      G
               +--------+--------+--------+--------+--------+-----+--------+
         Total |  16409 |  15800 |    609 |   2482 |  10701 |  17 |  965.2 |
       Dungeon |  13945 |  13392 |    553 |   2287 |   8860 |  13 | 1072.7 |
        Temple |     26 |      2 |     24 |      0 |      0 |   1 |   26.0 |
          Lair |   2436 |   2405 |     31 |    195 |   1841 |   3 |  812.0 |
               +--------+--------+--------+--------+--------+-----+--------+

Top non-repeatable levels by time:
     D:8: 1538 daAuts
     D:2: 1512 daAuts
    D:12: 1479 daAuts
     D:4: 1436 daAuts
    D:10: 1428 daAuts
  Lair:2: 1255 daAuts
     D:5: 1169 daAuts
     D:6: 1145 daAuts
     D:9: 1016 daAuts
    D:11: 943 daAuts
  Lair:1: 823 daAuts
     D:7: 769 daAuts
     D:3: 742 daAuts
     D:1: 439 daAuts
  Lair:3: 357 daAuts
